 Dungeon Crawl Stone Soup version 0.30-a0-808-g6e0788376e (webtiles) character file.

Game seed: 12470803777985661162

42 porpoise the Chopper (level 3, -3/33 HPs)
             Began as a Hill Orc Monk on Feb 27, 2023.
             Slain by Terence
             ... wielding a +0 flail
              (9 damage)
             ... on level 2 of the Dungeon.
             The game lasted 00:03:55 (1457 turns).

porpoise the Chopper (Hill Orc Monk)                Turns: 1457, Time: 00:03:55

Health: -3/33      AC:  7    Str: 15    XL:     3   Next: 54%
Magic:  3/3        EV: 16    Int: 10    God:
Gold:   62         SH:  0    Dex: 11    Spells: 2/2 levels left

rFire   . . .      SeeInvis .    a - +0 hand axe
rCold   + . .      Faith    .    (no shield)
rNeg    . . .      Spirit   .    q - +2 ring mail {rC+}
rPois   .          Reflect  .    (helmet restricted)
rElec   .          Harm     .    (no cloak)
rCorr   .          Rampage  .    (no gloves)
Will    .....                    (no boots) Stlth
                                 (no amulet)
HPRegen 0.00/turn                b - +5 ring of evasion
MPRegen 0.08/turn                (no ring)

@: confused, ambrosia-drunk, inhibited regen, hasted, very quick
A: antennae 1, clumsy 1, inhibited regeneration, noise suppression
a: no special abilities


You were on level 2 of the Dungeon.
You visited 1 branch of the dungeon, and saw 2 of its levels.

You collected 62 gold pieces.

Inventory:

Hand Weapons
 a - a +0 hand axe (weapon)
Armour
 q - a +2 ring mail of cold resistance (worn)
Magical Staves
 l - a staff of death
Jewellery
 b - a +5 ring of evasion (left hand)
Scrolls
 d - a scroll of brand weapon {unknown}
 f - 2 scrolls of fear {unknown}
 h - 2 scrolls of teleportation {unknown}
 i - a scroll of poison {unknown}
 j - a scroll of magic mapping {unknown}
 m - 3 scrolls of immolation {unknown}
 n - a scroll of enchant armour {unknown}
 o - a scroll of noise {unknown}
Potions
 p - a potion of cancellation


   Skills:
 + Level 4.2 Fighting
 * Level 5.4 Axes
 - Level 2.4 Dodging
 - Level 1.5 Stealth


You had 2 spell levels left.
You didn't know any spells.
Your spell library contained the following spells:

 Spells                   Type           Power      Damage    Failure   Level
 Frozen Ramparts          Ice            0%         1d1       92%         3
 Ice Form                 Ice/Tmut       0%         N/A       100%        4
 Summon Ice Beast         Ice/Summ       0%         N/A       100%        4


Dungeon Overview and Level Annotations

Branches:
Dungeon (2/15)

Altars:

Annotations:
D:2 Terence


Innate Abilities, Weirdness & Mutations

You have a pair of small antennae on your head.
You are clumsy. (Dex -2)
You do not regenerate when monsters are visible.
You passively dampen the noise of your surroundings.


Message History

Terence misses you.
You hit Terence but do no damage.
Terence is moderately wounded.
Terence zaps a wand.
The puff of flame hits you. Terence misses you.
You barely miss Terence.
Terence is moderately wounded.
Terence misses you.
You hit Terence but do no damage.
Terence is moderately wounded.
Terence says, "How do you enjoy it?" Terence hits you but does no damage.
You hit Terence.
Terence is heavily wounded.
Terence misses you.
You hit Terence but do no damage.
Terence is heavily wounded.
Terence hits you with a +0 flail.
You hit Terence.
Terence is severely wounded.
Terence hits you with a +0 flail.
You hit Terence but do no damage.
Terence is severely wounded.
Terence barely misses you.
You hit Terence but do no damage.
Terence is severely wounded.
Terence bares his teeth.
Terence hits you with a +0 flail!
* * * LOW HITPOINT WARNING * * *
It was a potion of cancellation.
You feel magically purged. Terence hits you with a +0 flail.
* * * LOW HITPOINT WARNING * * *
It was a potion of haste.
You feel yourself speed up. Terence misses you.
It was a potion of mutation.
You feel extremely strange.
Your regeneration stops near monsters.
A pair of antennae grows on your head!
You feel clumsy.
You feel your surroundings grow quieter.
You are confused.
You feel invigorated.
Terence zaps a wand.
The puff of flame misses you. Terence hits you with a +0 flail!
You die...

### ####.### ...#...#
...#.#'#########
...#...........#
...#...........#
##.#.†.........#########
...#.#..................
.....#.######..#@##....
.###.#.# #..#@# .
........ ....#g#
...#.### ###....# ......
...... ##.#.# ###....
...# #.##. .### #. ..


You could see Terence and a hobgoblin.

Vanquished Creatures
  An adder (D:2)
  A dart slug (D:1)
  3 endoplasms (D:2)
  A giant cockroach (D:2)
  3 goblins
  3 hobgoblins
  A jackal (D:2)
  2 kobolds (D:1)
  A quokka (D:1)
  3 ball pythons
  3 bats (D:2)
  5 frilled lizards
  3 rats
30 creatures vanquished.

Notes
Turn   | Place    | Note
-------+----------+-------------------------------------------
     0 | D:1      | porpoise the Hill Orc Monk began the quest for the Orb.
     0 | D:1      | Reached XP level 1. HP: 19/19 MP: 1/1
   336 | D:1      | Reached XP level 2. HP: 22/27 MP: 2/2
  1064 | D:2      | Reached skill level 5 in Axes
  1089 | D:2      | Reached XP level 3. HP: 33/33 MP: 3/3
  1432 | D:2      | Noticed Terence
  1455 | D:2      | Gained mutation: You do not regenerate when monsters are
                  | visible. [potion of mutation]
  1455 | D:2      | Gained mutation: You have a pair of small antennae on your
                  | head. [potion of mutation]
  1455 | D:2      | Gained mutation: You are clumsy. (Dex -2) [potion of
                  | mutation]
  1455 | D:2      | Gained mutation: You passively dampen the noise of your
                  | surroundings. [potion of mutation]
  1457 | D:2      | Slain by Terence

Illustrated notes

Levels and vault maps discovered:
D:1:      nzn_arrival_settlement, layout_basic, nicolae_figureground_pulse
D:2:      layout_basic, ebering_ecumenical_altar_petrified, hex_medium,
          minmay_misc_feat_columns, minmay_heptomino_w4, uniq_terence

Skill      XL: |  1  2 |
---------------+-------+-----
Fighting       | 4 |  4.2
Axes           | 5 |  5.4
Dodging        | |  2.4
Stealth        | |  1.5

Action                     || total
---------------------------++-------
  Melee: Hand axe          ||   134
         Punch             ||     2
    Use: Potion            ||     4
 Armour: Ring mail         ||    28
  Dodge: Dodged            ||   126

Table legend: (Time is in decaauts)
 A = Elapsed time spent in this place.
 B = Non-inter-level travel time spent in this place.
 C = Inter-level travel time spent in this place.
 D = Time resting spent in this place.
 E = Time spent auto-exploring this place.
 F = Levels seen in this place.
 G = Mean time per level.
                   A        B        C        D        E       F      G
               +--------+--------+--------+--------+--------+-----+--------+
         Total |   1464 |   1428 |     36 |    176 |    911 |   2 |  732.0 |
       Dungeon |   1464 |   1428 |     36 |    176 |    911 |   2 |  732.0 |
               +--------+--------+--------+--------+--------+-----+--------+

Top non-repeatable levels by time:
     D:1: 965 daAuts
     D:2: 499 daAuts
